 Dungeon Crawl Stone Soup version 0.20.1-1-g8b1a95d (webtiles) character file.

48 vineage the Digger (level 3, -3/19 HPs)
             Began as a Gargoyle Earth Elementalist on Oct 27, 2017.
             Killed from afar by a dart slug (7 damage)
             ... with a slug dart
             ... on level 2 of the Dungeon.
             The game lasted 00:02:52 (729 turns).

vineage the Digger (Gargoyle Earth Elementalist)     Turns: 729, Time: 00:02:54

Health: -3/19      AC:  5    Str: 11    XL:     3   Next: 72%
Magic:  1/7        EV: 12    Int: 16    God:
Gold:   31         SH:  0    Dex: 10    Spells: 6/7 levels left

rFire    . . .     SeeInvis .   (no weapon)
rCold    . . .     Gourm    +   (no shield)
rNeg     + . .     Faith    .   c - +0 robe
rPois    ∞         Spirit   .   (no helmet)
rElec    +         Reflect  .   (no cloak)
rCorr    .         Harm     .   (no gloves)
MR       .....                  (no boots)
Stlth    ++........             f - amulet of the gourmand
Regen    0.1/turn               (no ring)
MPRegen  0.1/turn               (no ring)

@: no status effects
A: negative energy resistance 1, electricity resistance, unbreathing,
petrification resistance, rot immunity, AC +3
a: no special abilities


You were on level 2 of the Dungeon.
You were not hungry.

You visited 1 branch of the dungeon, and saw 2 of its levels.

You collected 31 gold pieces.

Inventory:

Missiles
 b - 8 stones (quivered)
Armour
 c - a +0 robe (worn)
Jewellery
 f - an amulet of the gourmand (around neck)
Potions
 a - a potion of heal wounds
 g - a potion of might {unknown}
 i - a potion of curing {unknown}
 k - a potion of magic {unknown}
Books
 e - a book of Geomancy

   Spells                             Type                      Level
   a - Sandblast                      Earth                        1
   b - Passwall                       Transmutation/Earth          2
   c - Stone Arrow                    Conjuration/Earth            3
   d - Petrify                        Transmutation/Earth          4
   e - Lee's Rapid Deconstruction     Earth                        5
Comestibles
 d - 2 bread rations
 h - a royal jelly


   Skills:
 - Level 1.5 Dodging
 - Level 2.1 Stealth
 + Level 2.9 Spellcasting
   Level 0.7 Transmutations
 + Level 4.6 Earth Magic


You had 6 spell levels left.
You knew the following spells:

 Your Spells              Type           Power        Failure   Level  Hunger
a - Sandblast             Erth           ###...       2%          1    #......


Dungeon Overview and Level Annotations

Branches:
Dungeon (2/15)

Altars:

Annotations:
D:2 Robin


Innate Abilities, Weirdness & Mutations

You are resistant to torment.
Your stone body is resilient. (AC +3)
You are immune to poison.
You resist negative energy. (rN+)
You are resistant to electric shocks. (rElec)
You can survive without breathing.
You are immune to petrification.
You are immune to rotting.


Message History

Casting: Sandblast
Confirm with . or Enter, or press ? or * to list all spells.
You don't have enough magic to cast that spell.
Unknown command.
A dart slug comes into view.
There is an open door here.
Casting: Sandblast
Confirm with . or Enter, or press ? or * to list all spells.
Aiming: Sandblast
Press: ? - help, Shift-Dir - straight line, f - goblin
Aim: a goblin, wielding a club (heavily wounded)
The blast of sand hits the goblin.
You kill the goblin!
b - 8 stones The goblin hits you.
* * * LOW HITPOINT WARNING * * *
The goblin barely misses you. The dart slug launches a dart at you.
The slug dart hits you!
You die...

........#...g.....#
........#..)#####.#.
..........#.........
..........#.####.#..#
#..........#....# ..#
#........wg#....#+##.#
#.........g#..........
#......................
#........@##........
#.........##†.......
#.........##........
####.#'#.##........
#.#.#.##........
#.#.#.##.#+#####
#.#.#.##.# #.#.#.#
#...#.#


You could see a dart slug and 2 goblins.

Vanquished Creatures
  A dart slug (D:1)
  A leopard gecko (D:1)
  2 giant cockroaches
  5 goblins
  4 hobgoblins (D:1)
  6 jackals
  8 kobolds (D:1)
  6 bats
  5 frilled lizards (D:1)
  2 rats (D:1)
40 creatures vanquished.

Notes
Turn   | Place    | Note
-------+----------+-------------------------------------------
     0 | D:1      | vineage the Gargoyle Earth Elementalist began the quest for the Orb.
     0 | D:1      | Reached XP level 1. HP: 10/10 MP: 3/3
   103 | D:1      | Reached skill level 4 in Earth Magic
   125 | D:1      | Reached XP level 2. HP: 14/15 MP: 0/5
   360 | D:1      | Reached XP level 3. HP: 19/19 MP: 3/6
   687 | D:2      | Noticed Robin
   729 | D:2      | Killed from afar by a dart slug

Skill      XL: |  1 |
---------------+----+-----
Earth Magic    | 4 |  4.6
Dodging        | |  1.5
Stealth        | |  2.1
Spellcasting   | |  2.9
Transmutations | |  0.7

Action                   || total
-------------------------++-------
Melee: Unarmed           ||    47
 Cast: Sandblast         ||    51
  Use: Scroll            ||     2
 Stab: Sleeping          ||     1
Armor: Robe              ||    25
Dodge: Dodged            ||    58
